[Event "Late-Titled-Tuesday-Blitz-July-09-2024"]
[Site "Chess.com"]
[Date "2024.07.09"]
[Round "3"]
[White "rasmussvane"]
[Black "Bykov_Egor"]
[Result "1-0"]
[WhiteElo "2922"]
[BlackElo "2688"]
[TimeControl "180+1"]
[EndTime "14:28:32 PDT"]
[Termination "rasmussvane won by resignation"]

1. Nf3 Nf6 2. g3 d5 3. Bg2 c6 4. O-O Bg4 5. h3 Bh5 6. d4 Nbd7 7. c4 e6 8. cxd5 cxd5 9. Qb3 Qb6 10. Nc3 Be7 11. g4 Bg6 12. Ne5 Qxd4 13. Nxd7 Nxd7 14. Qxb7 Rb8 15. Qc6 Qc5 16. Qa4 Qb4 17. Qxa7 Bc5 18. Qa4 Qb7 19. Bf4 Ra8 20. Qb5 Bb6 21.
e3 O-O 22. Rfd1 Ra5 23. Qe2 Bc5 24. a3 Qb3 25. Nxd5 exd5 26. Bxd5 Qc2 27. Qxc2 Bxc2 28. Rdc1 Bg6 29. Bc6 Nb8 30. Bxb8 Rxb8 31. b4 Bxb4 32. axb4 Rxa1 33. Rxa1 h5 34. Ra8 Rxa8 35. Bxa8 hxg4 36.
hxg4 Kf8 37. b5 Ke7 38. b6 Kd6 39. f4 Bd3 40. Kf2 Ba6 41. e4 f6 42. Ke3 g5 43. fxg5 fxg5 44. Kd4 Bc8 45. e5+ 1-0

[Event "Late-Titled-Tuesday-Blitz-July-09-2024"]
[Site "Chess.com"]
[Date "2024.07.09"]
[Round "3"]
[White "UB_TheQueen"]
[Black "Michalczak"]
[Result "0-1"]
[WhiteElo "2090"]
[BlackElo "2518"]
[TimeControl "180+1"]
[EndTime "14:28:32 PDT"]
[Termination "Michalczak won on time"]

1. e4 c5 2. Nf3 d6 3. d4 cxd4 4.
Nxd4 Nf6 5. Nc3 a6 6. Bc4 e6 7. Bb3 b5 8. f3 Be7 9. Be3 O-O 10. g4 b4 11. Nce2 d5 12. g5 Ne8 13. Qd2 dxe4 14. fxe4 Bb7 15. Ng3 Nc6 16. O-O-O Nxd4 17. Qxd4 Bxg5 18.
Qxd8 Bxe3+ 19. Kb1 Rxd8 20. Rxd8 Bf4 21. Rhd1 Bxg3 22.
hxg3 Bxe4 23. R1d7 h5 24. Rd4 Bf5 25. Rxb4 Nf6 26.
Rbb8 Rxd8 27. Rxd8+ Kh7 28. Ra8 Ne4 29. Rxa6 Nxg3 30.
Ra4 g5 31. Ra7 Kg6 32. a4 h4 33. Ra8 h3 34. Rg8+ Kh6 35. Rh8+ Kg7 36. Rxh3 Bxh3 37. a5 Bg2 38. c4 Ne2 39. Bc2 Nd4 40. Bd3 g4 41. b4 g3 42. b5 f5 43. a6 Be4 0-1

[Event "Late-Titled-Tuesday-Blitz-July-09-2024"]
[Site "Chess.com"]
[Date "2024.07.09"]
[Round "3"]
[White "chipmunknau"]
[Black "dropstoneDP"]
[Result "0-1"]
[WhiteElo "2703"]
[BlackElo "3030"]
[TimeControl "180+1"]
[EndTime "14:28:33 PDT"]
[Termination "dropstoneDP won by resignation"]

1. d4 d5 2. c4 dxc4 3. Nf3 Nf6 4. e3 e6 5. Bxc4 a6 6. O-O Be7 7. Nc3 b5 8. Bd3 Bb7 9. Qe2 Nbd7 10. Rd1 c5 11.
dxc5 Bxc5 12. e4 Ng4 13. Rf1 Nde5 14. Nxe5 Nxe5 15. Bxb5+ Kf8 16. Ba4 Qd3 17. Qh5 Bd4 18. Rd1 Qc4 19. Rxd4 Qxd4 20. Be3 Qd6 21. Rd1 Qc7 22.
f4 Nc6 23. Rd6 Rd8 24. e5 h6 25. Bc5 Kg8 26. Qd1 Rxd6 27. exd6 Qa5 28. Be3 g5 29. d7 Kg7 30. Bxc6 Bxc6 31. Bd4+ f6 32. Qe1 Qf5 33. fxg5 hxg5 34. Qg3 e5 35. Be3 Bxd7 36.
h3 Kg6 37. Kh2 Qc2 38. Qf3 Rxh3+ 39. Qxh3 Bxh3 40. Kxh3 Qd3 0-1

[Event "Late-Titled-Tuesday-Blitz-July-09-2024"]
[Site "Chess.com"]
[Date "2024.07.09"]
[Round "3"]
[White "SpeedofLight0"]
[Black "mac0504"]
[Result "1-0"]
[WhiteElo "3126"]
[BlackElo "2761"]
[TimeControl "180+1"]
[EndTime "14:28:34 PDT"]
[Termination "SpeedofLight0 won by resignation"]

1. c4 g6 2. Nf3 Bg7 3. e3 d6 4. d4 Nd7 5. b3 e5 6. Bb2 exd4 7. exd4 Ne7 8. Be2 O-O 9. O-O Nf5 10. Nc3 Re8 11. Re1 c6 12. Qd2 Nf8 13. Rad1 Bh6 14. Qc2 Ne6 15. d5 Nf4 16. Ne4 Bg7 17. Bxg7 Kxg7 18. dxc6 bxc6 19. Nxd6 Nxd6 20. c5 Nd5 21. cxd6 Qxd6 22. Bc4 Rxe1+ 23. Rxe1 Bf5 24. Qd2 Rd8 25. Qd4+ Qf6 26. Qxa7 Nc3 27. a4 Be4 28. Qe3 c5 29.
Ng5 Bd5 30. h4 h6 31. Nf3 Bxc4 32. bxc4 Nxa4 33. Rb1 Nb2 34. Ne5 Re8 35. Qxh6+ Kxh6 36. Ng4+ Kg7 37. Nxf6 Kxf6 38. Rxb2 Re4 39. Rb6+ Kg7 40. h5 gxh5 41. Kh2 Rxc4 42. f3 f6 43. Rc6 h4 44.
Kh3 Kg6 45. Rc8 Kg5 46. Rg8+ Kf5 47. Rh8 Rd4 48. Rh5+ Kg6 49. Rxc5 f5 50. Rc8 Rb4 51. Rg8+ Kh5 52. Rg7 Rc4 53. Rf7 Kg5 54. Rf8 Rb4 55.
Kh2 Rc4 56. Rh8 Rb4 57. Rg8+ Kh5 58. Kg1 Rb2 59. Kf1 Rc2 60. Kg1 Rb2 61. f4 Rb5 62. Rg5+ Kh6 63. Kh2 Rb4 64. Rxf5 Kg6 65. Rg5+ Kf6 66.
Rg4 Kf5 67. Rxh4 Rxf4 68. Rxf4+ Kxf4 69. Kh3 Kg5 70. Kg3 Kf5 71. Kh4 Kf6 72. Kh5 Kf7 73.
Kh6 Kf6 74. g4 1-0

[Event "Late-Titled-Tuesday-Blitz-July-09-2024"]
[Site "Chess.com"]
[Date "2024.07.09"]
[Round "3"]
[White "koncheto"]
[Black "XDPS"]
[Result "0-1"]
[WhiteElo "2664"]
[BlackElo "2879"]
[TimeControl "180+1"]
[EndTime "14:28:35 PDT"]
[Termination "XDPS won by resignation"]

1. e4 c5 2. Nf3 e6 3. d4 cxd4 4.
Nxd4 a6 5. c4 Nf6 6. Nc3 Qc7 7.
Be2 Bb4 8. Qd3 O-O 9. O-O Nc6 10. Nxc6 bxc6 11. f3 Rb8 12. b3 d5 13. Bg5 Qe5 14.
Bd2 Rd8 15. f4 Qc7 16. cxd5 cxd5 17. e5 Ne4 18. Rac1 Nxd2 19. Qxd2 Qb6+ 20. Kh1 d4 21. Rfd1 Bb7 22. Na4 Bxd2 23. Nxb6 Bxc1 24. Rxc1 d3 25. Bd1 Bxg2+ 26. Kxg2 Rxb6 27. Kf3 d2 28. Rc4 g6 29. Ke3 Rb5 30. Ra4 a5 31. Rc4 Rb4 32. Rc2 a4 33. Rxd2 Rxd2 34. Kxd2 axb3 35. Bxb3 Rxf4 36. a4 Re4 37. Kc3 Rxe5 38. Kb4 Re4+ 39. Kb5 Re3 40. Kb4 Rd3 41. a5 Rd8 42. a6 e5 43. Ka5 e4 44. a7 e3 45. Bd5 e2 46.
a8=Q Rxa8+ 47. Bxa8 0-1

[Event "Late-Titled-Tuesday-Blitz-July-09-2024"]
[Site "Chess.com"]
[Date "2024.07.09"]
[Round "3"]
[White "HPanesso"]
[Black "Sacbutt"]
[Result "0-1"]
[WhiteElo "2544"]
[BlackElo "2331"]
[TimeControl "180+1"]
[EndTime "14:28:36 PDT"]
[Termination "Sacbutt won on time"]

1. c4 e5 2. Nc3 Nc6 3. Nf3 g6 4.
g3 Bg7 5. Bg2 Nge7 6. O-O d6 7.
d3 O-O 8. e3 h6 9. Rb1 Be6 10.
Bd2 Qd7 11. Re1 Bh3 12. Bh1 a5 13. a3 Bg4 14. Qc2 f5 15. b4 axb4 16. axb4 e4 17.
dxe4 fxe4 18. Nh4 g5 19. Ng2 Ne5 20. Rec1 Nf3+ 21. Kf1 Nxh2+ 22. Kg1 Nf3+ 23. Kf1 Nxd2+ 24. Qxd2 Qf5 25. Ne1 Be5 26. Bxe4 Qf6 27. Kg2 c6 28. f4 gxf4 29. exf4 Bxc3 30. Rxc3 Ra2 31. Rc2 Rxc2 32. Qxc2 Nf5 33. Nf3 Ne3+ 34. Kf2 Nxc2 35. Bxc2 Qc3 36. Be4 Qxc4 37. Re1 Bxf3 38. Bxf3 Qxb4 39. Bg4 Qb2+ 40. Re2 Qg7 41. Kf3 d5 0-1

[Event "Late-Titled-Tuesday-Blitz-July-09-2024"]
[Site "Chess.com"]
[Date "2024.07.09"]
[Round "3"]
[White "honestgames"]
[Black "BreatheChessAlways"]
[Result "1-0"]
[WhiteElo "2837"]
[BlackElo "2539"]
[TimeControl "180+1"]
[EndTime "14:28:38 PDT"]
[Termination "honestgames won by checkmate"]

1. e4 c5 2. Nf3 Nc6 3. d4 cxd4 4. Nxd4 e5 5. Nb5 d6 6. c4 Be7 7. N1c3 a6 8. Na3 f5 9. exf5 Bxf5 10. Bd3 Be6 11. Nc2 Nf6 12. O-O O-O 13. Ne3 Qd7 14. b3 Rae8 15. Bb2 Bd8 16. Ne4 Kh8 17. Ba3 Be7 18.
Ng5 Bg8 19. Bf5 Qc7 20. Ne6 Bxe6 21. Bxe6 Nd4 22. Bh3 Ne4 23. Bb2 Qc5 24. Qd3 Ng5 25.
Bg4 Rf4 26. h3 Ref8 27. Nd5 Nde6 28. Nxf4 Nxf4 29. Qe3 Qc6 30. Qg3 h5 31. Bf3 Nxf3+ 32. Qxf3 Qxf3 33. gxf3 Nxh3+ 34. Kg2 Ng5 35. Rh1 Nxf3 36.
Rxh5+ Kg8 37. Rah1 Ng5 38. Rh8+ Kf7 39. Rxf8+ Kxf8 40.
Rh8+ Kf7 41. Rb8 b5 42. cxb5 axb5 43. Rxb5 Ke6 44. a4 Ne4 45. a5 Nc5 46. b4 Nd3 47. a6 Nf4+ 48. Kf1 d5 49. a7 d4 50. a8=Q d3 51. Bc1 Kf5 52. Qc8+ Ke4 53. Qc4+ Kf3 54.
Bxf4 d2 55. Qe2+ Kxf4 56. Qxd2+ Ke4 57. Qe2+ Kf4 58. Qxe5+ Kf3 59. Qe3+ Kg4 60. Qg3# 1-0

[Event "Late-Titled-Tuesday-Blitz-July-09-2024"]
[Site "Chess.com"]
[Date "2024.07.09"]
[Round "3"]
[White "Zhigalko_Sergei"]
[Black "ImportedItalianMaple"]
[Result "1-0"]
[WhiteElo "2917"]
[BlackElo "2496"]
[TimeControl "180+1"]
[EndTime "14:28:38 PDT"]
[Termination "Zhigalko_Sergei won by resignation"]

1. e4 g6 2. d4 Bg7 3. Nc3 d6 4. Nf3 a6 5. Be3 b5 6. a4 b4 7. Ne2 Bb7 8. Ng3 Nf6 9. Bd3 Nbd7 10. a5 c5 11. c3 Qc7 12. O-O bxc3 13. bxc3 O-O 14.
h3 e5 15. d5 c4 16. Bc2 Nc5 17. Nd2 h5 18. Re1 h4 19. Ngf1 Rac8 20. Qe2 Nd3 21. Reb1 Bxd5 22. exd5 Nxd5 23. Ra3 N5f4 24. Qg4 f5 25. Qd1 e4 26. Nxc4 d5 27. Nb6 Rcd8 28. Bd4 Kh7 29. Ne3 Bxd4 30. cxd4 g5 31. Bxd3 Nxd3 32.
Rxd3 exd3 33. Qxd3 Qf4 34. Nbxd5 Qe4 35. Rb7+ Kg8 36. Ne7+ Kf7 37. Nc6+ Kf6 38. Qxe4 fxe4 39. Nxd8 Rxd8 40. Rb6+ Kf7 41. d5 Rc8 42. Rxa6 Rc1+ 43.
Kh2 Ra1 44. Ra7+ Kf6 45. d6 Ra2 46. d7 Rd2 47. a6 Ke5 48. Nc4+ 1-0

[Event "Late-Titled-Tuesday-Blitz-July-09-2024"]
[Site "Chess.com"]
[Date "2024.07.09"]
[Round "3"]
[White "grzechu96"]
[Black "enriquebutti"]
[Result "1-0"]
[WhiteElo "2803"]
[BlackElo "2180"]
[TimeControl "180+1"]
[EndTime "14:28:39 PDT"]
[Termination "grzechu96 won by resignation"]

1. e4 c5 2. Nf3 d6 3. Bb5+ Bd7 4.
Bxd7+ Qxd7 5. c4 e5 6. Nc3 Nc6 7. d3 g6 8. a3 Bg7 9. Rb1 Nge7 10. b4 b6 11. O-O O-O 12. Nd5 f5 13. Qa4 fxe4 14. dxe4 Rae8 15. Nxe7+ Rxe7 16. Be3 Rxf3 17. gxf3 Rf7 18. Kg2 Qc8 19. bxc5 dxc5 20. Rfd1 Nd4 21. Bxd4 exd4 22. Rd3 Be5 23. h4 Qd8 24. Rh1 Qf6 25. Kf1 Qf4 26. Ke2 Kg7 27. h5 gxh5 28. Rxh5 h6 29.
Rh1 Kh7 30. Qe8 Rg7 31. Qe6 Qg5 32. Qh3 Bf4 33. Qh5 Qxh5 34. Rxh5 Rf7 35. Rd5 Kg6 36. Rd1 h5 37. Rg1+ Kh6 38. Rh1 Bg5 39. Rd6+ Rf6 40. Rxf6+ Bxf6 41. f4 h4 42. Kd3 Kh5 43. f3 1-0

[Event "Late-Titled-Tuesday-Blitz-July-09-2024"]
[Site "Chess.com"]
[Date "2024.07.09"]
[Round "3"]
[White "SantoBlue"]
[Black "carokannlover213"]
[Result "1/2-1/2"]
[WhiteElo "2991"]
[BlackElo "2714"]
[TimeControl "180+1"]
[EndTime "14:28:40 PDT"]
[Termination "Game drawn - insufficient material"]

1. e4 g6 2. d4 Bg7 3. Nf3 c6 4. Nc3 d5 5. h3 dxe4 6. Nxe4 Nf6 7. Bd3 O-O 8. O-O Nbd7 9. c3 Nxe4 10. Bxe4 e5 11. Be3 exd4 12. Bxd4 Bxd4 13. Nxd4 Nc5 14. Bc2 Ne6 15. Nf3 Qf6 16. Re1 Kg7 17. Qd2 Rd8 18. Qe3 Nf4 19. Kh2 Nd5 20. Qe5 Be6 21. Nd4 Bd7 22. Bb3 Re8 23. Qxf6+ Nxf6 24. Rad1 Rxe1 25. Rxe1 Re8 26. Rd1 c5 27. Nf3 h6 28. Nd2 Bc6 29. Kg1 Rd8 30. f3 Nh5 31. Nc4 Rxd1+ 32. Bxd1 Bd5 33. Bb3 Nf4 34. Nd6 Bxb3 35. axb3 b6 36.
Nc8 Nd3 37. Nxa7 Nxb2 38. Nc8 b5 39. Nd6 b4 40. cxb4 cxb4 41. Kf1 Nd3 42. Nc4 Nc1 43. Na5 Kf6 44. Ke1 Nd3+ 45. Ke2 Nf4+ 46. Kf2 Ke6 47. Nc6 Nd3+ 48. Ke3 Nc5 49. Nd4+ Kd5 50. h4 f5 51. g3 g5 52. hxg5 hxg5 53. f4 gxf4+ 54. gxf4 Kd6 55. Nxf5+ Ke6 56. Nd4+ Kf6 57. Kf3 Kg6 58.
Kg4 Kf6 59. Kf3 Kg6 60. Kg3 Kg7 61. Kg4 Kg6 62. f5+ Kf6 63. Kf4 Nd3+ 64. Ke4 Nc5+ 65. Kd5 Nxb3 66. Nxb3 Kxf5 67. Kc4 Kf6 68. Kxb4 1/2-1/2

[Event "Late-Titled-Tuesday-Blitz-July-09-2024"]
[Site "Chess.com"]
[Date "2024.07.09"]
[Round "3"]
[White "fmshawnrl123"]
[Black "VirtualCoach"]
[Result "1-0"]
[WhiteElo "2858"]
[BlackElo "2315"]
[TimeControl "180+1"]
[EndTime "14:28:41 PDT"]
[Termination "fmshawnrl123 won by checkmate"]

1. e4 c5 2. Nf3 d6 3. Nc3 Nf6 4. Bc4 e6 5. d3 Be7 6. O-O O-O 7.
Re1 d5 8. exd5 exd5 9. Nxd5 Nxd5 10. Bxd5 Qxd5 11. Rxe7 Bg4 12. Re4 f5 13. Re1 Nc6 14.
c4 Qd6 15. h3 Bh5 16. Be3 f4 17. Bd2 Qxd3 18. Bc3 Qxd1 19. Raxd1 Bxf3 20. gxf3 Rad8 21. Rd5 b6 22. Kg2 Rfe8 23. Rxe8+ Rxe8 24. Rd6 Ne7 25. Rd7 Nf5 26. Rxa7 Nh4+ 27. Kf1 Nxf3 28. Rxg7+ Kf8 29. Rxh7 Re6 30. a4 Ng5 31. Rh4 f3 32. Rf4+ Ke8 33.
h4 Re4 34. Rxe4+ Nxe4 35. a5 bxa5 36. Bxa5 Kf7 37. Kg1 Kg6 38. b4 Kh5 39. bxc5 Nxc5 40. Bd8 Ne6 41. Be7 Nc7 42. Kh2 Kg4 43. Bd6 Ne6 44.
Be7 Ng7 45. c5 Nf5 46. Bf6 Nh6 47. c6 Nf7 48. Be7 Kh5 49. c7 Nd6 50. Bxd6 Kg4 51. c8=Q+ Kh5 52. Qf5+ Kh6 53. Bf8# 1-0

[Event "Late-Titled-Tuesday-Blitz-July-09-2024"]
[Site "Chess.com"]
[Date "2024.07.09"]
[Round "3"]
[White "Schattman"]
[Black "AradNazari"]
[Result "0-1"]
[WhiteElo "2488"]
[BlackElo "2781"]
[TimeControl "180+1"]
[EndTime "14:28:42 PDT"]
[Termination "AradNazari won on time"]

1. Nf3 c6 2. e3 d5 3. c4 Nf6 4.
Nc3 g6 5. d4 Bg7 6. Be2 O-O 7. h3 Bf5 8. cxd5 cxd5 9. Qb3 Nc6 10.
O-O Rb8 11. a4 a6 12. Ne5 Qd6 13. Nxc6 bxc6 14. Qa3 a5 15. g4 Bc2 16. Qa2 Bb3 17.
Qb1 e5 18. Bd2 Rfe8 19. Bd3 exd4 20. exd4 Ne4 21. Bxe4 dxe4 22. Be3 f5 23. Qc1 Rbd8 24. Ra3 Be6 25. g5 Qb4 26. Rd1 Bxd4 27. Bxd4 Rxd4 28. Rxd4 Qxd4 29. Ne2 Qd6 30. Rc3 Rc8 31. Rc5 Bb3 32. Nf4 Qd1+ 33. Qxd1 Bxd1 34. Rxa5 Rb8 35. Ra7 Bf3 36. Ne6 Rxb2 37. Rg7+ Kh8 38. Rc7 h5 39. gxh6 f4 40. Rc8+ Kh7 41. Ng5+ Kxh6 42. Nxf3 exf3 43.
Rxc6 Ra2 44. Ra6 Kh5 45. Ra8 Ra1+ 46. Kh2 Rf1 47. a5 Rxf2+ 48. Kg1 Ra2 49. a6 Kh4 50. a7 Kg3 0-1

[Event "Late-Titled-Tuesday-Blitz-July-09-2024"]
[Site "Chess.com"]
[Date "2024.07.09"]
[Round "3"]
[White "vova-79"]
[Black "prxcess_brownie"]
[Result "0-1"]
[WhiteElo "2485"]
[BlackElo "2236"]
[TimeControl "180+1"]
[EndTime "14:28:42 PDT"]
[Termination "prxcess_brownie won by checkmate"]

1. d4 g6 2. c4 Bg7 3. Nf3 Nf6 4. g3 O-O 5. Bg2 c5 6. O-O cxd4 7. Nxd4 Nc6 8. Nc3 Nxd4 9. Qxd4 d6 10. Qd3 Bf5 11. e4 Be6 12. Bd2 Rc8 13. b3 Nd7 14. Rac1 a6 15. f4 Nc5 16. Qe2 Qd7 17. Nd5 Bd4+ 18. Kh1 Bg4 19. Bf3 Bxf3+ 20. Qxf3 Qd8 21. h4 e6 22. Ne3 b5 23. h5 f5 24. hxg6 hxg6 25.
exf5 gxf5 26. Nc2 Bg7 27. cxb5 Ne4 28. Be1 axb5 29. Bf2 Nd2 30. Qe2 Nxf1 31. Rxf1 Rf6 32. Kg2 Qc7 33. Nd4 Qb7+ 34. Kg1 Rh6 35. Nf3 e5 36. fxe5 dxe5 37. Nh4 f4 38. Re1 fxg3 39. Bxg3 Rc3 40. Kh2 e4 41. Qg4 Rc2+ 42. Kh3 e3 43.
Rxe3 Qg2# 0-1

[Event "Late-Titled-Tuesday-Blitz-July-09-2024"]
[Site "Chess.com"]
[Date "2024.07.09"]
[Round "3"]
[White "leotobares"]
[Black "SharathRk6"]
[Result "1-0"]
[WhiteElo "2300"]
[BlackElo "2447"]
[TimeControl "180+1"]
[EndTime "14:28:44 PDT"]
[Termination "leotobares won on time"]

1. Nf3 Nf6 2. g3 g6 3. Bg2 Bg7 4. O-O O-O 5. c4 c5 6. Nc3 Nc6 7. d4 cxd4 8. Nxd4 Rb8 9. c5 Nxd4 10. Qxd4 b6 11. Bf4 bxc5 12. Qxc5 Rxb2 13. Qxa7 d6 14. Rab1 Rxb1 15. Rxb1 Be6 16. a4 Nh5 17. Bd2 Qc8 18.
Rc1 Qd8 19. a5 Nf6 20. a6 Nd7 21. Be3 Nc5 22. Nd5 Bxd5 23. Bxd5 Qa5 24. Bxc5 dxc5 25. Qb7 Qd2 26. Rf1 c4 27. Bxc4 Qd8 28. Bd5 Bd4 29. Bf3 Qb8 30. Rb1 Qd8 31. a7 Bxa7 32. Qxa7 e5 33. Qb6 Qe7 34. h4 Rd8 35. Ra1 Re8 36.
Ra7 Qd8 37. Qb3 Rf8 38. Bd5 Qf6 39. e4 Kg7 40. Kg2 h5 41. Qe3 Kg8 42. Qg5 1-0

[Event "Late-Titled-Tuesday-Blitz-July-09-2024"]
[Site "Chess.com"]
[Date "2024.07.09"]
[Round "3"]
[White "Vladimir_Zakhartsov"]
[Black "Zorbos"]
[Result "1-0"]
[WhiteElo "2899"]
[BlackElo "2681"]
[TimeControl "180+1"]
[EndTime "14:28:45 PDT"]
[Termination "Vladimir_Zakhartsov won by checkmate"]

1. d4 Nf6 2. c4 g6 3. Nc3 Bg7 4. e4 d6 5. h3 O-O 6. Be3 e5 7. d5 a5 8. g4 Na6 9. Nge2 Nd7 10. Ng3 Qh4 11. Qd2 h6 12. Nce2 Nac5 13. g5 Nxe4 14. Nxe4 Qxe4 15. Ng3 Qh4 16. gxh6 Bh8 17. Rg1 Nc5 18.
O-O-O f5 19. Bg5 Qd4 20. Qc2 Nb3+ 21. axb3 Qb6 22. Be3 Qb4 23. Ne2 Kh7 24. Bd2 Qb6 25.
Be3 Qb4 26. Nc3 a4 27. bxa4 Bd7 28. Bd2 Qb6 29. Rg2 e4 30. Be2 Rg8 31. Be3 Qb4 32.
Bd4 Be5 33. Bxe5 dxe5 34. b3 Qb6 35. h4 Qf6 36. d6 cxd6 37. Qd2 Ra6 38. Rg5 Rb6 39. Nd5 Qd8 40. Nxb6 Qxb6 41. Kc2 Qxf2 42. Qxd6 Qxe2+ 43. Rd2 Qf1 44. Qxd7+ Kxh6 45. Rdg2 Qa1 46. Rh5+ gxh5 47. Qe6+ Kh7 48. Qxg8+ Kh6 49. Qg6# 1-0

[Event "Late-Titled-Tuesday-Blitz-July-09-2024"]
[Site "Chess.com"]
[Date "2024.07.09"]
[Round "3"]
[White "APOKALIPSA13"]
[Black "Good_Knight_Kiss"]
[Result "0-1"]
[WhiteElo "2110"]
[BlackElo "2385"]
[TimeControl "180+1"]
[EndTime "14:28:45 PDT"]
[Termination "Good_Knight_Kiss won by resignation"]

1. e4 c5 2. Nf3 d6 3. d4 cxd4 4. Nxd4 Nf6 5. Nc3 a6 6. Rg1 e5 7.
Nb3 h5 8. h3 Be6 9. g4 hxg4 10.
hxg4 d5 11. exd5 Nxd5 12. Bg2 Nxc3 13. Qxd8+ Kxd8 14. bxc3 Kc7 15. Be3 Nd7 16. O-O-O Bxg4 17. Bxb7 Ba3+ 18. Kb1 Bxd1 19. Bxa8 Rxa8 20. Rxd1 f5 21. f4 Bd6 22. Rg1 exf4 23. Bf2 Rg8 24. Nd4 Be5 25. Nxf5 g5 26. Nh6 Rg6 27. Nf7 Bf6 28. Rg4 Ne5 29. Nxe5 Bxe5 30. Kb2 Kd6 31. Kb3 Kd5 32. c4+ Ke4 33.
Rg1 g4 34. Re1+ Kf5 35. c5 g3 36. Bg1 f3 37. Rf1 Kg4 38. Kc4 g2 39. Rd1 Bg3 40. Kd5 f2 41. Bxf2 Bxf2 42. c6 g1=Q 43. Rxg1+ Bxg1 44. c7 Rg8 45. Kc6 Bh2 46. Kd7 Rg7+ 0-1

[Event "Late-Titled-Tuesday-Blitz-July-09-2024"]
[Site "Chess.com"]
[Date "2024.07.09"]
[Round "3"]
[White "PushingpawnsNYC"]
[Black "BogdanDeac"]
[Result "0-1"]
[WhiteElo "2504"]
[BlackElo "2959"]
[TimeControl "180+1"]
[EndTime "14:28:46 PDT"]
[Termination "BogdanDeac won on time"]

1. e4 c5 2. Nc3 d6 3. Bb5+ Bd7 4. a4 Nc6 5. f4 g6 6. Nf3 Bg7 7. d3 e6 8. O-O Nge7 9. Bd2 a6 10. Bc4 O-O 11. Qe1 Nb4 12. Rc1 Nec6 13. Bb3 Na5 14.
Bc4 Rb8 15. f5 b5 16. fxe6 fxe6 17. axb5 axb5 18. Ba2 Nxa2 19. Nxa2 Nc6 20. Nc3 b4 21. Nd1 Ra8 22. c3 bxc3 23. bxc3 Bc8 24. Ne3 Ba6 25. c4 Bc8 26. Ng4 e5 27. Bg5 Qe8 28. Qh4 Bxg4 29. Qxg4 Ra3 30. Rcd1 Nb4 31. Ne1 Rxf1+ 32. Kxf1 Ra2 33.
Bd2 Nc6 34. Be3 h5 35. Qh3 Nb4 36. Kg1 Ra3 37. Bf2 Bh6 38. Qg3 Kh7 39. h4 Qd7 40. Qf3 Kg7 41. Be3 Bxe3+ 42. Qxe3 Qg4 43. Nf3 Qg3 44. Qf2 Qxf2+ 45. Kxf2 Nxd3+ 46. Kg3 Kf6 47. Rd2 Ke7 48. Kh2 Rc3 49. Ra2 Rxc4 50. Ra7+ Kd8 51. Rg7 Nf4 52. Ng5 Rc2 53. Kh1 c4 54. Nf7+ Ke7 55.
Nxe5+ Kf6 0-1

[Event "Late-Titled-Tuesday-Blitz-July-09-2024"]
[Site "Chess.com"]
[Date "2024.07.09"]
[Round "3"]
[White "Nekoo04"]
[Black "Mariia89"]
[Result "1-0"]
[WhiteElo "2396"]
[BlackElo "2236"]
[TimeControl "180+1"]
[EndTime "14:28:46 PDT"]
[Termination "Nekoo04 won on time"]

1. Nf3 c5 2. c4 Nc6 3. Nc3 g6 4.
d3 Bg7 5. g3 Nf6 6. Bg2 O-O 7.
O-O d5 8. cxd5 Nxd5 9. Bd2 e5 10. Rc1 Nde7 11. Ne1 Rb8 12. Nc2 b6 13. a3 Bb7 14.
b4 cxb4 15. axb4 Nd4 16. Ne4 Nb3 17. Rb1 Nxd2 18. Qxd2 h6 19. Ra1 f5 20. Nc3 Bxg2 21. Kxg2 Rb7 22. Ne3 e4 23. Rfd1 Kh7 24. Ra3 Rd7 25.
Nb5 Nc6 26. Nc4 f4 27. gxf4 Qh4 28. Qe3 Rxf4 29. h3 Qf6 30. d4 Ne7 31. Ne5 Nd5 32.
Qg3 Re7 33. Rxa7 Rxa7 34. Nxa7 g5 35. Nac6 Qf7 36. Nxf7 Rxf7 37. Qg4 Nf4+ 38. Kf1 e3 39. Ne5 Bxe5 40. dxe5 exf2 41. Rd7 1-0

[Event "Late-Titled-Tuesday-Blitz-July-09-2024"]
[Site "Chess.com"]
[Date "2024.07.09"]
[Round "3"]
[White "ChessLover0108"]
[Black "Goryachkina"]
[Result "0-1"]
[WhiteElo "2927"]
[BlackElo "2717"]
[TimeControl "180+1"]
[EndTime "14:28:47 PDT"]
[Termination "Goryachkina won on time"]

1. Nf3 d5 2. d4 Nf6 3. c4 e6 4. e3 b6 5. b3 Bd6 6. Bd3 O-O 7. O-O Bb7 8. cxd5 exd5 9. Ba3 Re8 10. Bxd6 Qxd6 11.
Nc3 c6 12. Ne5 Nbd7 13. f4 Nf8 14. Rc1 c5 15. Rf3 a6 16. Rg3 cxd4 17. exd4 Ne4 18.
Bxe4 dxe4 19. d5 Rxe5 20. Qd4 Rae8 21. Nxe4 Qh6 22. Nf6+ Qxf6 23. fxe5 Qxe5 24. Qxe5 Rxe5 25. d6 Re8 26. Rc7 Bd5 27. Rd3 Be6 28. Rb7 b5 29. Ra7 Bf5 30. Rd2 g6 31. Rxa6 Rc8 32. Ra7 Bd7 33. Rc7 Re8 34. Kf2 Kg7 35. Rc3 h5 36. h3 Kf6 37. Rf3+ Kg7 38. Re2 Ra8 39.
Kg1 Ne6 40. Rc2 Nd4 41. Rc7 Nxf3+ 42. gxf3 Rd8 0-1

[Event "Late-Titled-Tuesday-Blitz-July-09-2024"]
[Site "Chess.com"]
[Date "2024.07.09"]
[Round "3"]
[White "TheMagician"]
[Black "falzehope0"]
[Result "0-1"]
[WhiteElo "2108"]
[BlackElo "2465"]
[TimeControl "180+1"]
[EndTime "14:28:47 PDT"]
[Termination "falzehope0 won on time"]

1. c4 e6 2. Nc3 d5 3. d4 f5 4. cxd5 exd5 5. Bf4 Nf6 6. a3 Be7 7. e3 O-O 8. Rc1 c6 9. Bd3 Ne4 10. Nge2 Nd7 11. f3 Ng5 12. O-O Qe8 13. Qd2 Ne6 14.
Bg3 Bg5 15. f4 Bh6 16. Kh1 g6 17. Ng1 Nf6 18. Nf3 Ne4 19. Bxe4 fxe4 20. Ne5 Ng7 21. Bf2 Qe7 22. b4 a6 23. Na4 Be6 24. Nc5 Rae8 25. a4 Bc8 26. b5 axb5 27. axb5 cxb5 28. Qa2 Be6 29. Qa5 Nf5 30. Qxb5 Nd6 31. Qb6 Bg7 32. Nxe6 Qxe6 33. Rc7 Bxe5 34. dxe5 Nf7 35.
Qxb7 Rb8 36. Qc6 Qxc6 37. Rxc6 Rb2 38. e6 Nh6 39. h3 Nf5 0-1

[Event "Late-Titled-Tuesday-Blitz-July-09-2024"]
[Site "Chess.com"]
[Date "2024.07.09"]
[Round "3"]
[White "Byniolus"]
[Black "andrejljepic"]
[Result "1-0"]
[WhiteElo "2812"]
[BlackElo "2465"]
[TimeControl "180+1"]
[EndTime "14:28:48 PDT"]
[Termination "Byniolus won by resignation"]

1. d4 Nf6 2. Nf3 b6 3. Bf4 Bb7 4. e3 e6 5. h3 Bd6 6. Bxd6 cxd6 7. Nbd2 O-O 8. Be2 Ne4 9. O-O Nxd2 10. Nxd2 Nc6 11. c4 Ne7 12. Qa4 Qc7 13. Rfc1 Rfc8 14. Rc3 Qc6 15. Qxc6 dxc6 16. c5 d5 17. a4 Rcb8 18. b4 bxc5 19. Rxc5 Bc8 20. b5 Bd7 21. Rac1 Rc8 22. Nb3 Kf8 23. Na5 cxb5 24. axb5 Ke8 25. Kf1 Rab8 26. Ke1 Kd8 27. Kd2 Rb6 28. Bd3 h6 29. f3 Rbb8 30. e4 Rb6 31. h4 Rbb8 32. g4 Rxc5 33. Rxc5 Rb6 34. g5 hxg5 35. hxg5 g6 36. Ke3 Bc8 37. Kf4 a6 38. bxa6 Bxa6 39.
Bxa6 Rxa6 40. Rb5 Kc7 41. Rb7+ Kd8 42. Nb3 dxe4 43. fxe4 Ke8 44. Rb8+ Nc8 45. Rxc8+ Kd7 46. Nc5+ Kxc8 47. Nxa6 Kd7 48. Ke5 Ke7 49. Nb4 Kf8 50. Kf6 Kg8 51. Nc6 Kh8 52. Ne5 Kh7 53.
Nxf7 Kg8 54. Kxg6 e5 55. Nxe5 Kf8 56. Kf6 Kg8 57. g6 Kf8 58. g7+ Kg8 59. d5 1-0

[Event "Late-Titled-Tuesday-Blitz-July-09-2024"]
[Site "Chess.com"]
[Date "2024.07.09"]
[Round "3"]
[White "jk13"]
[Black "Veleamater"]
[Result "1-0"]
[WhiteElo "2660"]
[BlackElo "2429"]
[TimeControl "180+1"]
[EndTime "14:28:48 PDT"]
[Termination "jk13 won by resignation"]

1. e4 d6 2. d4 g6 3. Nc3 Bg7 4. Nf3 Nf6 5. h3 O-O 6. Be3 Nc6 7.
Be2 e5 8. dxe5 dxe5 9. O-O h6 10. Qc1 Kh7 11. Rd1 Bd7 12. Bc5 Re8 13. Bc4 b6 14. Be3 Qe7 15. Nd5 Nxd5 16. Bxd5 Rad8 17. c3 Rf8 18. b4 Be8 19. a4 f5 20. a5 f4 21.
Bd2 Nb8 22. axb6 axb6 23. Ra7 Qd6 24. Be1 Nc6 25. Bg8+ Kxg8 26. Rxd6 cxd6 27. Rb7 d5 28. Nd2 Rc8 29. Qb1 d4 30. Nf3 Bf7 31. cxd4 Nxd4 32. Nxd4 exd4 33. Rxb6 Rfe8 34. Rd6 Re7 35. b5 Rb7 36. b6 Be5 37. Rd5 Bxd5 38. exd5 Kg7 39. Qe4 Kf6 40. Ba5 Rc1+ 41. Kh2 Ra1 42. d6 Rb8 43.
Qd5 Rd8 44. d7 Rxa5 45. Qxa5 Rxd7 46. b7 d3 47. Qxe5+ Kxe5 48. b8=Q+ Ke6 49. Qb6+ Rd6 50. Qb3+ Ke5 51. Qb2+ Ke4 52. Qd2 Rc6 53. Qb4+ Kd5 54. Qb5+ Rc5 55. Qxd3+ Ke5 56. Qxg6 1-0